 Dungeon Crawl Stone Soup version 0.29-a0-234-g0dae59b3db (webtiles) character file.

Game seed: 2392146521767487163

70 drugrobin the Chopper (level 3, 0/45 HPs)
             Began as a Demigod Fighter on Mar 3, 2022.
             Succumbed to an adder's poison
             ... on level 2 of the Dungeon.
             The game lasted 00:02:47 (1758 turns).

drugrobin the Chopper (Demigod Fighter)             Turns: 1758, Time: 00:02:47

Health: 0/45       AC: 13    Str: 21    XL:     3   Next: 77%
Magic:  5/5        EV:  7    Int: 10    God:
Gold:   48         SH:  4    Dex: 13    Spells: 2/2 levels left

rFire   . . .      SeeInvis .   a - +0 war axe
rCold   . . .      Faith    .   c - +0 buckler
rNeg    . . .      Spirit   .   m - +0 chain mail
rPois   .          Reflect  .   (no helmet)
rElec   .          Harm     .   i - +0 cloak
rCorr   .          Rampage  .   l - +2 pair of gloves
Will    .....                   (no boots)
Stlth   ..........              (no amulet)
HPRegen 0.15/turn               (no ring)
MPRegen 0.09/turn               (no ring)

@: berserking, lethally poisoned (0 -> -5), very quick
A: high MP 1, forlorn, divine attributes
a: no special abilities


You were on level 2 of the Dungeon.
You visited 1 branch of the dungeon, and saw 2 of its levels.

You collected 48 gold pieces.

Inventory:

Hand Weapons
 a - a +0 war axe (weapon)
 j - a +0 hand axe
Armour
 c - a +0 buckler (worn)
 i - a +0 cloak (worn)
 l - a +2 pair of gloves (worn)
 m - a +0 chain mail (worn)
Magical Staves
 g - a staff of air
Scrolls
 e - 2 scrolls of blinking {unknown}
 f - a scroll of identify {unknown}
 k - a scroll of silence {unknown}
 o - a scroll of teleportation {unknown}
Potions
 b - a potion of haste {unknown}
 d - a potion of might
 h - a potion of heal wounds {unknown}
 n - a potion of berserk rage


   Skills:
 - Level 2.6 Fighting
 + Level 4.0 Axes
 - Level 2.6 Armour
 - Level 2.6 Shields


You had 2 spell levels left.
You didn't know any spells.
Your spell library was empty.

Dungeon Overview and Level Annotations

Branches:
Dungeon (2/15)

Annotations:
D:2 Terence


Innate Abilities, Weirdness & Mutations

You have an increased reservoir of magic. (+10% MP)
You shall have no god before yourself.
Your divine heritage dramatically boosts your attributes as you level up.


Message History

Unknown command.
Unknown command.
It was a potion of berserk rage.
A red film seems to cover your vision as you go berserk!
You feel yourself moving faster!
You feel mighty!
You feel sick. The adder bites you but does no damage.
You closely miss the adder.
The adder is heavily wounded.
You feel sick. The adder bites you.
* * * LOW HITPOINT WARNING * * *
You are lethally poisoned!
The adder poisons you! The adder bites you but does no damage.
You slice the adder!!
You kill the adder!
* * * LOW HITPOINT WARNING * * *
You feel very sick.
The ball python bites you but does no damage.
The ball python grabs you. The ball python constricts you.
You slash the ball python!
You kill the ball python!
* * * LOW HITPOINT WARNING * * *
You feel sick.
Your Axes skill increases to level 4!
Unknown command.
Unknown command.
You slash the hobgoblin!
You kill the hobgoblin!
* * * LOW HITPOINT WARNING * * *
You feel sick.
Unknown command.
Unknown command.
Unknown command.
Unknown command.
Unknown command.
Unknown command.
You are too berserk!
You are too berserk!
Unknown command.
Unknown command.
You die...

###......####.##
..'..(...####..#
###.......#....# #
#...###.#....##
####.†..#.#.....#
........[..####.##
....>......# #..#
######.....# ##.#
.....<.....# #@##
##..##.....## #@.#
#...#.......# ##.#
#####.....#.# .#
#.........#.# .#
##.##.###.#.# ..
##.##.....#.# #'
#.########.# ..
#..........# ..


You could see Terence.

Vanquished Creatures
  2 adders (D:2)
  A worm (D:2)
  2 dart slugs
  An orc (D:2)
  A bat (D:2)
  5 endoplasms
  4 goblins
  8 hobgoblins
  4 jackals (D:2)
  A quokka (D:1)
  3 ball pythons
  2 frilled lizards
  6 rats
40 creatures vanquished.

Notes
Turn   | Place    | Note
-------+----------+-------------------------------------------
     0 | D:1      | drugrobin the Demigod Fighter began the quest for the Orb.
     0 | D:1      | Reached XP level 1. HP: 18/18 MP: 3/3
    43 | D:1      | Reached skill level 2 in Axes
   600 | D:1      | Reached XP level 2. HP: 21/25 MP: 4/4
  1352 | D:2      | Reached skill level 3 in Axes
  1484 | D:2      | Reached XP level 3. HP: 19/30 MP: 5/5
  1740 | D:2      | Noticed Terence
  1755 | D:2      | HP: 2/45 [poisoned by an adder]
  1757 | D:2      | Reached skill level 4 in Axes
  1758 | D:2      | Succumbed to an adder's poison

Illustrated notes

Levels and vault maps discovered:
D:1:      tarquinn_simple_flora_water_e, layout_basic, serial_forest,
          infiniplex_forest_corner_2, infiniplex_forest_lined_ring,
          infiniplex_forest_clump_large, infiniplex_forest_corner_2,
          infiniplex_forest_clump_cross, infiniplex_forest_clump_tiny,
          infiniplex_forest_split, infiniplex_forest_lined_4_way,
          infiniplex_forest_straight_2
D:2:      layout_basic, serial_shops, nicolae_lakefront_shop, uniq_terence

Skill      XL: |  1  2  3 |
---------------+----------+-----
Axes           | 2 3 4 |  4.0
Fighting       | |  2.6
Armour         | |  2.6
Shields        | |  2.6

Action                   || total
-------------------------++-------
Melee: War axe           ||    57
       Hand axe          ||    51
  Use: Potion            ||     1
Armor: Scale mail        ||    15
       Chain mail        ||    32
Dodge: Dodged            ||    32
Block: Buckler           ||    17

Table legend: (Time is in decaauts)
 A = Elapsed time spent in this place.
 B = Non-inter-level travel time spent in this place.
 C = Inter-level travel time spent in this place.
 D = Time resting spent in this place.
 E = Time spent auto-exploring this place.
 F = Levels seen in this place.
 G = Mean time per level.
                   A        B        C        D        E       F      G
               +--------+--------+--------+--------+--------+-----+--------+
         Total |   1788 |   1744 |     44 |    135 |   1254 |   2 |  894.0 |
       Dungeon |   1788 |   1744 |     44 |    135 |   1254 |   2 |  894.0 |
               +--------+--------+--------+--------+--------+-----+--------+

Top non-repeatable levels by time:
     D:1: 1301 daAuts
     D:2: 487 daAuts
